 Dungeon Crawl Stone Soup version 0.29.1-13-g9f3cf754e1 (webtiles) character file.

Game seed: 17674799744740180418

692 KittyFluff the Cudgeller (level 7, 0/44 HPs)
             Began as a Gargoyle Berserker on Jan 21, 2023.
             Was a Priest of Trog.
             Slain by Dowan
             ... wielding a +0 dagger
              (3 damage)
             ... on level 4 of the Dungeon.
             The game lasted 00:15:36 (4853 turns).

KittyFluff the Cudgeller (Gargoyle Berserker)       Turns: 4853, Time: 00:15:37

Health: 0/44       AC: 10    Str: 20    XL:     7   Next: 63%
Magic:  7/7        EV: 12    Int:  8    God:    Trog [***...]
Gold:   187        SH:  0    Dex: 11    Spells: 6/6 levels left

rFire   . . .      SeeInvis .   a - +0 mace
rCold   . . .      Faith    .   (no shield)
rNeg    + . .      Spirit   .   r - +2 robe {Will+}
rPois   ∞          Reflect  .   u - +0 helmet
rElec   +          Harm     .   h - scarf {shadows}
rCorr   .          Rampage  .   (no gloves)
Will    +....                   (no boots)
Stlth   ++........              (no amulet)
HPRegen 0.14/turn               (no ring)
MPRegen 0.10/turn               (no ring)

@: on berserk cooldown, slowed, very slow
A: sickness immunity, AC +4, negative energy resistance 1, electricity
resistance, torment resistance 1, petrification resistance
a: Renounce Religion, Berserk, Trog's Hand


You were on level 4 of the Dungeon.
You worshipped Trog.
Trog was most pleased with you.
You visited 1 branch of the dungeon, and saw 5 of its levels.

You collected 187 gold pieces.

Inventory:

Hand Weapons
 a - a +0 mace (weapon)
 o - a +0 sling
Missiles
 b - 59 stones (quivered)
 k - 3 poisoned darts
Armour
 c - a +0 leather armour
 h - a scarf of shadows (worn)
 r - a +2 robe of willpower (worn)
 t - a +0 scale mail
 u - a +0 helmet (worn)
 x - a +2 leather armour of cold resistance
Jewellery
 p - a ring of fire
Wands
 j - a wand of polymorph (7)
 s - a wand of flame (32)
Scrolls
 d - a scroll of fear {unknown}
 e - a scroll of identify {unknown}
 g - a scroll of amnesia {unknown}
 m - a scroll of butterflies {unknown}
 q - a scroll of enchant weapon {unknown}
Potions
 f - 2 potions of flight {unknown}
 i - 2 potions of degeneration {unknown}
 l - a potion of haste {unknown}
 n - 7 potions of curing {unknown}
 v - a potion of lignification {unknown}
 w - a potion of brilliance {unknown}


   Skills:
 + Level 4.8 Fighting
 + Level 6.1 Maces & Flails
 * Level 4.3 Armour
 + Level 3.0 Dodging
 + Level 1.8 Stealth


You had 6 spell levels left.
You didn't know any spells.
Your spell library was empty.

Dungeon Overview and Level Annotations

Branches:
Dungeon (5/15)             Temple (0/1) D:4

Altars:
Kikubaaqudgha

Shops:
D:1 *   D:2 *

Annotations:
D:4 2 transporters, Dowan; THTSBRD's ghost, amateur DjGl
D:5 1 transporter


Innate Abilities, Weirdness & Mutations

You are immune to sickness and miasma.
Your stone body is resilient. (AC +4)
You are immune to poison.
You resist negative energy. (rN+)
You are resistant to electric shocks. (rElec)
You are resistant to unholy torment.
You are immune to petrification.


Message History

You barely miss Dowan.
Dowan is almost dead.
Dowan hits you but does no damage.
You miss Dowan.
Dowan is almost dead.
Dowan casts a spell.
Dowan blinks!
Dowan gestures wildly while chanting.
Dowan blinks!
Items here: ! ) ? [.
Unknown command.
You feel a strong urge to attack something.
Dowan casts a spell at you. The shard of ice hits you.
* * * LOW HITPOINT WARNING * * *
You feel your anger nearly subside.
You are no longer berserk.
You are exhausted.
You feel yourself slow down.
Dowan gestures wildly while chanting.
Dowan blinks!
Dowan mumbles some strange words.
Dowan blinks!
You closely miss Dowan.
Dowan is severely wounded.
Dowan barely misses you. Dowan hits you but does no damage.
You hit Dowan but do no damage.
Dowan is severely wounded.
Dowan casts a spell at you. The stone arrow hits you!
* * * LOW HITPOINT WARNING * * *
Dowan closely misses you.
Dowan casts a spell.
Dowan blinks!
You are no longer glowing.
Dowan mumbles some strange words.
Dowan blinks!
You miss Dowan.
Dowan is severely wounded.
Dowan hits you with a +0 dagger.
You die...

#..#..... # #.# #.#.# #..######
#. #.# #.#.# ### #..######.#.##.#
#.#.###.#
#......##....#.######.#.##.#.
##..#.......................:)###
8#..#..###.###...#.##.###.#.#..#.
##..#..# # ##.##)##.##..#......
....#..# #.#......#..###....
....#..# #.@e.#####.#####...
#####..####.# ###..#..b#.#l.~##.#
............# ##.#~.~#.#~..##.#
.......####.# #.#...#.#~~.##.#
######## #.###~#.#.~.##.#
#...#.#.#~~.#..# ###
#.###~#.#.~.#..# ..#
#.#..~#.#...#### #.#
#.#..~#.#~.~#


You could see Dowan (fast).

Vanquished Creatures
  Sigmund (D:4)
  Eustachio (D:4)
  Duvessa (D:4)
  An ogre (D:4)
  A jelly (D:4)
  An orc priest (D:3)
  An iguana (D:4)
  Robin (D:4)
  An adder (D:2)
  A worm (D:2)
  3 dart slugs
  5 orcs
  7 ball pythons
  5 endoplasms
  2 giant cockroaches
  14 goblins
  14 hobgoblins
  3 jackals (D:3)
  2 quokkas
  3 bats
  4 frilled lizards
  7 kobolds
  11 rats
90 creatures vanquished.

Vanquished Creatures (others)
  9 fungi (D:4)
9 creatures vanquished.

Grand Total: 99 creatures vanquished

Notes
Turn   | Place    | Note
-------+----------+-------------------------------------------
     0 | D:1      | KittyFluff the Gargoyle Berserker began the quest for the
                  | Orb.
     0 | D:1      | Reached XP level 1. HP: 14/14 MP: 1/1
   312 | D:1      | Reached XP level 2. HP: 17/19 MP: 2/2
   609 | D:1      | Found Gauwki's Assorted Antiques.
   633 | D:1      | Found a faded altar of an unknown god.
  1159 | D:2      | Reached XP level 3. HP: 22/24 MP: 3/3
  1208 | D:2      | Reached ** piety under Trog
  1229 | D:2      | Found an ancient bone altar of Kikubaaqudgha.
  1294 | D:2      | Found Bierikum's Assorted Antiques.
  1661 | D:2      | Reached XP level 4. HP: 29/29 MP: 4/4
  2221 | D:3      | Reached skill level 4 in Maces & Flails
  2974 | D:4      | Noticed Sigmund
  2981 | D:4      | Reached XP level 5. HP: 25/33 MP: 5/5
  2998 | D:4      | Killed Sigmund
  2999 | D:4      | Reached skill level 5 in Maces & Flails
  2999 | D:4      | Reached skill level 1 in Stealth
  2999 | D:4      | Reached XP level 6. HP: 7/38 MP: 6/6
  3271 | D:4      | Found a transporter.
  3307 | D:4      | Found a transporter.
  3310 | D:4      | Noticed THTSBRD's ghost (amateur DjGl)
  3520 | D:4      | Noticed Robin
  3529 | D:4      | Reached *** piety under Trog
  3554 | D:4      | Killed Robin
  3817 | D:4      | You fall into a shaft and drop 1 floor!
  3817 | D:5      | Entered Level 5 of the Dungeon
  3837 | D:5      | Found a transporter.
  3942 | D:4      | Found a staircase to the Ecumenical Temple.
  4323 | D:4      | Reached XP level 7. HP: 39/44 MP: 7/7
  4374 | D:4      | Noticed Eustachio
  4408 | D:4      | Killed Eustachio
  4820 | D:4      | Noticed Dowan
  4822 | D:4      | Noticed Duvessa
  4835 | D:4      | Killed Duvessa
  4836 | D:4      | Reached skill level 6 in Maces & Flails
  4849 | D:4      | HP: 2/44 [Dowan/stone arrow (8)]
  4853 | D:4      | Slain by Dowan

Illustrated notes

Levels and vault maps discovered:
D:1:      dpeg_arrival_water_temple_mockup, layout_basic, serial_shops, shop,
          hellmonk_ecumenical_altar_crossroads
D:2:      minmay_inner_zag, layout_loops_corners, basic_altar, serial_shops,
          nicolae_shop_hallway_plus
D:3:      layout_basic
D:4:      layout_loops_ring, minmay_temple_entry_poolview,
          gammafunk_ghost_mausoleum, serial_aquarium, aquarium_bridge_straight
          [aquarium_subvault_bridge, aquarium_subvault_balcony,
          aquarium_subvault_bridge, aquarium_subvault_window],
          aquarium_window_fake, aquarium_window_2, aquarium_view_2c,
          aquarium_view_2f, aquarium_balcony_5b, aquarium_pool_corner,
          uniq_eustachio, uniq_robin, uniq_menkaure, uniq_duvessa, uniq_sigmund
D:5:      gammafunk_steamed_eel, layout_gridville,
          nicolae_overflow_hallway_of_the_gods, uniq_ijyb

Skill      XL: |  1  2  3  4  5  6  7 |
---------------+----------------------+-----
Dodging        | 2 3 |  3.0
Maces & Flails | 4 5 6 |  6.1
Fighting       | 4 |  4.8
Armour         | 3 4 |  4.3
Stealth        | 1 |  1.8

Action                   |  1- 3 |  4- 6 |  7- 9 || total
-------------------------+-------+-------+-------++-------
Melee: Mace              |   137 |   166 |    59 ||   362
       Punch             |     1 |     4 |     2 ||     7
Invok: Berserk           |       |     3 |     2 ||     5
 Stab: Sleeping          |       |     1 |       ||     1
       Distracted        |       |       |     1 ||     1
Armor: Leather armour    |    52 |    34 |       ||    86
       Robe              |       |    27 |    17 ||    44
Dodge: Dodged            |    97 |   121 |    27 ||   245
